 Dungeon Crawl Stone Soup version 0.31-a0-949-g57150269e1 (webtiles) character file.

Game seed: 3924531610479154684

9377 miscthings the Prestidigitator (level 11, -10/84 HPs)
             Began as a Gnoll Artificer on Oct 22, 2023.
             Was an Initiate of Gozag.
             Killed from afar by a gargoyle (31 damage)
             ... with a stone arrow
             ... in a Gauntlet.
             The game lasted 00:24:09 (10771 turns).

miscthings the Prestidigitator (Gnoll Artificer)   Turns: 10771, Time: 00:24:10

Health: -10/84     AC: 11    Str: 15    XL:     11   Next: 45%
Magic:  20/20      EV: 12    Int: 11    God:    Gozag
Gold:   753        SH: 10    Dex: 13    Spells: 17/22 levels left

rFire   . . .        M - +7 captain's cutlass {speed, disarm}
rCold   + . .        O - +0 kite shield
rNeg    . . .        R - +2 ring mail {Will+}
rPois   .            Q - +0 helmet
rElec   .            (no cloak)
rCorr   .            (no gloves)
SInv    .            s - +0 pair of boots
Will    +....        u - amulet of the acrobat
Stlth   +++          n - ring of protection from cold
HPRegen 0.34/turn    D - ring of flight
MPRegen 0.17/turn

%: no teleportation, acrobat
@: flying, hasted, very quick
A: fangs 1, strong nose, distributed training
a: Renounce Religion, Potion Petition, Call Merchant, Bribe Branch


You were in a Gauntlet.
You worshipped Gozag.
Gozag was pleased with you.
You visited 2 branches of the dungeon, and saw 13 of its levels.
You also visited: Gauntlet.

You collected 1635 gold pieces.
You spent 380 gold pieces at shops.
You paid 502 gold pieces to Gozag.

Inventory:

Hand Weapons
 M - the +7 captain's cutlass (weapon) {speed, disarm}
   (You found it on level 7 of the Dungeon)
Missiles
 l - 11 javelins (quivered)
 K - 2 curare-tipped darts
 N - a throwing net
Armour
 i - a +1 robe of fire resistance
 s - a +0 pair of boots (worn)
 w - the -1 pair of boots of Nuuliv {rF- Regen+ Stlth+}
   (You found it on level 4 of the Dungeon)

   rF-:       It makes you vulnerable to fire.
   Regen+:    It increases your rate of health regeneration.
   Stlth+:    It makes you more stealthy.
 O - a +0 kite shield (worn)
 Q - a +0 helmet (worn)
 R - a +2 ring mail of willpower (worn)
Jewellery
 n - a ring of protection from cold (left hand)
 u - an amulet of the acrobat (around neck)
 D - a ring of flight (right hand)
 G - a ring of ice
 P - a ring of protection from cold
Wands
 b - a wand of polymorph (3)
 c - a wand of flame (19)
 d - a wand of charming (6)
 e - a wand of iceblast (4)
 p - a wand of quicksilver (3)
Scrolls
 a - 3 scrolls of teleportation
 f - 2 scrolls of enchant weapon
 g - 2 scrolls of noise
 h - a scroll of poison {unknown}
 j - 5 scrolls of revelation
 o - a scroll of torment {unknown}
 q - a scroll of fear {unknown}
 r - a scroll of immolation
 v - a scroll of enchant armour {unknown}
 y - a scroll of fog
 C - 2 scrolls of amnesia
 E - a scroll of brand weapon
 F - a scroll of vulnerability
 J - a scroll of summoning {unknown}
Potions
 k - a potion of magic
 m - 2 potions of curing
 t - a potion of might
 x - a potion of enlightenment
 z - a potion of brilliance
 A - a potion of resistance {unknown}
 B - 3 potions of heal wounds
 H - 4 potions of haste
 I - a potion of mutation


   Skills:
 + Level 7.0 Fighting
 + Level 6.4 Short Blades
 + Level 6.4 Long Blades
 + Level 6.4 Axes
 + Level 6.4 Maces & Flails
 + Level 6.4 Polearms
 + Level 6.4 Staves
 + Level 6.4 Ranged Weapons
 + Level 6.4 Throwing
 + Level 8.0 Armour
 + Level 7.0 Dodging
 + Level 6.9 Stealth
 + Level 6.4 Shields
 + Level 6.4 Unarmed Combat
 + Level 6.4 Spellcasting
 + Level 5.3 Conjurations
 + Level 5.3 Hexes
 + Level 5.3 Summonings
 + Level 5.3 Necromancy
 + Level 5.3 Translocations
 + Level 5.3 Transmutations
 + Level 5.3 Fire Magic
 + Level 5.3 Ice Magic
 + Level 5.3 Air Magic
 + Level 5.3 Earth Magic
 + Level 5.3 Poison Magic
 + Level 7.0 Invocations
 + Level 9.3 Evocations
 + Level 5.8 Shapeshifting


You had 17 spell levels left.
You knew the following spells:

 Your Spells              Type           Power      Damage    Failure   Level
a - Hailstorm             Conj/Ice       15%        3d5       28%         3
b - Blink                 Tloc           30%        N/A       14%         2

Your spell library contained the following spells:

 Spells                   Type           Power      Damage    Failure   Level
 Cigotuvi's Dreadful Rot  Necr/Pois/Air  30%        N/A       14%         2
 Ignite Poison            Fire/Tmut/Pois 15%        N/A       28%         3
 Anguish                  Hex/Necr       7%         N/A       67%         4
 Leda's Liquefaction      Hex/Erth       7%         N/A       67%         4
 Manifold Assault         Tloc           15%        N/A       67%         4
 Freezing Cloud           Conj/Ice/Air   7%         6-21      95%         5
 Fire Storm               Conj/Fire      7%         8d2       100%        9


Dungeon Overview and Level Annotations

Branches:
Dungeon (12/15)            Temple (1/1) D:6            Lair (0/5) D:11
    Orc (0/2) D:11        Gauntlet (1/1)

Altars:
Ashenzari
Cheibriados
Dithmenos
Elyvilon
Fedhas
Gozag
Hepliaklqana
Kikubaaqudgha
Makhleb
Nemelex Xobeh
Okawaru
Qazlal
Ru
Sif Muna
Trog
Uskayaw
Vehumet
Wu Jian
Xom
Yredelemnul
Zin
The Shining One

Shops:
D:1 [   D:4 :   D:6 (   D:9 *   D:10 (   D:12 (

Annotations:
D:11 Psyche Gauntlet 13 transporters, 23 runed translucent doors, exclusion: oklob plant


Innate Abilities, Weirdness & Mutations

You have very sharp teeth.
Your uncanny sense of smell can sniff out nearby items.
Your experience applies equally to all skills.


Message History

Aim: a gargoyle, wielding a +0 flail The mass of ice explodes!
The iceblast engulfs the gargoyle!
The gargoyle is heavily damaged.
The iceblast engulfs the catoblepas!!
The catoblepas is heavily wounded.
You block the catoblepas's attack.
You hit the catoblepas.
You bite the catoblepas, but do no damage.
The catoblepas is heavily wounded.
The catoblepas gores you but does no damage.
The gargoyle hurls a stone arrow at you.
The stone arrow misses you.
You hit the catoblepas but do no damage.
Your bite misses the catoblepas.
The catoblepas is heavily wounded.
You block the catoblepas's attack.
You hit the gargoyle but do no damage.
The gargoyle is heavily damaged.
The gargoyle hurls a stone arrow at you.
The stone arrow hits you!
You barely miss the gargoyle.
You bite the gargoyle, but do no damage.
The gargoyle is heavily damaged.
The catoblepas gores you!! The gargoyle closely misses you.
You feel yourself speed up. You block the catoblepas's attack.
You block the gargoyle's attack.
You hit the gargoyle but do no damage.
The gargoyle is heavily damaged.
The catoblepas breathes a plume of calcifying dust at you.
The blast of calcifying dust hits you.
You barely miss the gargoyle.
The gargoyle is heavily damaged.
The catoblepas gores you!
* * * LOW HITPOINT WARNING * * *
You hit the gargoyle but do no damage.
The gargoyle is heavily damaged.
The gargoyle hurls a stone arrow at you.
The stone arrow hits you!!
You die...
Your body crumbles into a pile of gold.

.###########..#...........≈#
.#.........#..#########..###
.#.........#..#.......#..≈#
.#..##≈##..#..#..#....#..##
.#..≈###≈..#..#.###...#..≈#
.#..## ##..#.©#©.#©#.Y#©.##
.#..≈# #≈..#..#?..###.#..≈#
##..## ##..####§Y9.#..#..##
....≈# #≈.....#.@.....#..≈#
...### ###....#########..##
.#≈# #≈#.............≈# ≈###
###≈#..........§## ##
###≈#≈#≈#≈#≈#≈#
#############


You could see a catoblepas and a gargoyle.

Vanquished Creatures
  3 boulder beetles
  An ugly thing (D:11)
  A rime drake (D:11)
  A troll (D:9)
  7 yaks
  2 shadows
  A wyvern (D:9)
  Menkaure (D:5)
  2 steam dragons (D:8)
  3 vampire mosquitoes (D:10)
  A water moccasin (D:7)
  7 orc warriors
  2 ice beasts
  2 black bears
  2 sky beasts
  3 centaurs
  3 ogres
  A phantom (D:5)
  3 kobold brigands
  A bullfrog (D:7)
  2 gnoll sergeants
  5 scorpions
  10 killer bees
  A howler monkey (D:4)
  2 hounds
  2 jellies
  5 orc priests
  A gnoll bouda (D:7)
  5 iguanas
  Jessica (D:2)
  13 orc wizards
  15 gnolls
  7 adders
  A shadow imp (D:7)
  3 white imps
  2 ufetubi (D:5)
  3 worms
  2 dart slugs
  29 orcs
  3 endoplasms
  7 giant cockroaches
  8 goblins
  7 hobgoblins
  11 jackals
  23 kobolds
  4 quokkas
  4 ball pythons
  4 bats
  A frilled lizard (D:1)
  2 rats (D:1)
230 creatures vanquished.

Vanquished Creatures (collateral kills)
  A polar bear (D:11)
  A phantom (D:4)
  A hound (D:7)
  An orc wizard (D:7)
  4 orcs
8 creatures vanquished.

Vanquished Creatures (others)
  A centaur (D:6)
  An ogre (D:6)
  An orc priest (D:9)
  An orc wizard (D:9)
  A gnoll (D:8)
  A jackal (D:1)
6 creatures vanquished.

Grand Total: 244 creatures vanquished

Notes
Turn   | Place    | Note
-------+----------+-------------------------------------------
     0 | D:1      | miscthings the Gnoll Artificer began the quest for the Orb.
     0 | D:1      | Reached XP level 1. HP: 17/17 MP: 1/1
   128 | D:1      | Reached XP level 2. HP: 20/23 MP: 2/2
   354 | D:1      | Reached XP level 3. HP: 21/28 MP: 3/3
   383 | D:1      | Found Voviz's Armour Shoppe.
   894 | D:2      | Found a blossoming altar of Fedhas.
  1162 | D:2      | Reached skill level 1 in Invocations
  1280 | D:2      | Noticed Jessica
  1282 | D:2      | Killed Jessica
  1283 | D:2      | Reached skill level 1 in Short Blades
  1283 | D:2      | Reached skill level 1 in Long Blades
  1283 | D:2      | Reached skill level 1 in Axes
  1283 | D:2      | Reached skill level 1 in Maces & Flails
  1283 | D:2      | Reached skill level 1 in Polearms
  1283 | D:2      | Reached skill level 1 in Staves
  1283 | D:2      | Reached skill level 1 in Ranged Weapons
  1283 | D:2      | Reached skill level 1 in Throwing
  1283 | D:2      | Reached skill level 1 in Shields
  1283 | D:2      | Reached skill level 1 in Unarmed Combat
  1283 | D:2      | Reached skill level 1 in Spellcasting
  1283 | D:2      | Reached skill level 1 in Shapeshifting
  1283 | D:2      | Reached XP level 4. HP: 34/34 MP: 5/5
  1835 | D:3      | Noticed an ogre
  1845 | D:3      | Killed an ogre
  1846 | D:3      | Reached skill level 1 in Conjurations
  1846 | D:3      | Reached skill level 1 in Hexes
  1846 | D:3      | Reached skill level 1 in Summonings
  1846 | D:3      | Reached skill level 1 in Necromancy
  1846 | D:3      | Reached skill level 1 in Translocations
  1846 | D:3      | Reached skill level 1 in Transmutations
  1846 | D:3      | Reached skill level 1 in Fire Magic
  1846 | D:3      | Reached skill level 1 in Ice Magic
  1846 | D:3      | Reached skill level 1 in Air Magic
  1846 | D:3      | Reached skill level 1 in Earth Magic
  1846 | D:3      | Reached skill level 1 in Poison Magic
  1846 | D:3      | Reached XP level 5. HP: 9/41 MP: 5/7
  2068 | D:4      | Noticed a phantom
  2097 | D:4      | Killed a phantom
  2098 | D:4      | Reached XP level 6. HP: 32/47 MP: 8/8
  2214 | D:4      | Reached skill level 5 in Armour
  2339 | D:4      | Identified the -1 pair of boots of Nuuliv {rF- Regen+
                  | Stlth+}
  2408 | D:4      | Identified the +2 sling "Dugetesm" {freeze, Fly Will++
                  | Int+3 SInv}
  2572 | D:4      | Reached skill level 7 in Evocations
  2572 | D:4      | Reached XP level 7. HP: 28/52 MP: 10/10
  2695 | D:4      | Found Ryhum's Book Shop.
  2844 | D:5      | Entered Level 5 of the Dungeon
  3013 | D:5      | Noticed Menkaure
  3019 | D:5      | Killed Menkaure
  3103 | D:5      | Reached XP level 8. HP: 52/60 MP: 12/12
  3573 | D:6      | Identified the of Jafrushi
  3696 | D:6      | Found a staircase to the Ecumenical Temple.
  3705 | Temple   | Entered the Ecumenical Temple
  3717 | Temple   | Became a worshipper of Gozag Ym Sagoz the Greedy
  3822 | D:6      | Found an ancient bone altar of Kikubaaqudgha.
  3920 | D:6      | Found Loleloat's Antique Weapon Shoppe.
  4223 | D:6      | Found a stormy altar of Qazlal.
  4437 | D:6      | Noticed a boulder beetle
  4858 | D:6      | Killed a boulder beetle
  4859 | D:6      | Reached skill level 5 in Fighting
  4859 | D:6      | Reached skill level 5 in Dodging
  4859 | D:6      | Reached XP level 9. HP: 68/68 MP: 13/15
  4992 | D:6      | Reached skill level 5 in Stealth
  5031 | D:6      | Bought an encrusted broad axe for 252 gold pieces
  5031 | D:6      | Identified the +3 broad axe of Madghaba {heavy, Will+ rCorr
                  | Stlth+} (You bought it in a shop on level 6 of the Dungeon)
  5186 | D:7      | Reached skill level 8 in Evocations
  5334 | D:7      | Reached skill level 5 in Invocations
  5338 | D:7      | HP: 3/68 [poisoned by a water moccasin]
  5891 | D:7      | Found the +7 captain's cutlass {speed, disarm}
  6448 | D:8      | Reached XP level 10. HP: 68/74 MP: 17/17
  6490 | D:8      | Learned a level 2 spell: Blink
  6494 | D:8      | Learned a level 3 spell: Hailstorm
  6691 | D:8      | Reached skill level 5 in Short Blades
  6691 | D:8      | Reached skill level 5 in Long Blades
  6691 | D:8      | Reached skill level 5 in Axes
  6691 | D:8      | Reached skill level 5 in Maces & Flails
  6691 | D:8      | Reached skill level 5 in Polearms
  6691 | D:8      | Reached skill level 5 in Staves
  6691 | D:8      | Reached skill level 5 in Ranged Weapons
  6691 | D:8      | Reached skill level 5 in Throwing
  6691 | D:8      | Reached skill level 5 in Shields
  6691 | D:8      | Reached skill level 5 in Unarmed Combat
  6691 | D:8      | Reached skill level 5 in Spellcasting
  7105 | D:9      | Noticed a deep elf pyromancer
  7106 | D:9      | Noticed a boulder beetle
  7675 | D:9      | Reached skill level 5 in Shapeshifting
  7787 | D:9      | Found a snail-covered altar of Cheibriados.
  7919 | D:9      | Found Xicuizxas's Assorted Antiques.
  7924 | D:9      | Bought a bronze wand for 128 gold pieces
  8036 | D:10     | Entered Level 10 of the Dungeon
  9147 | D:11     | Reached XP level 11. HP: 71/83 MP: 19/19
  9152 | D:11     | Reached skill level 9 in Evocations
  9171 | D:11     | Reached skill level 5 in Conjurations
  9171 | D:11     | Reached skill level 5 in Hexes
  9171 | D:11     | Reached skill level 5 in Summonings
  9171 | D:11     | Reached skill level 5 in Necromancy
  9171 | D:11     | Reached skill level 5 in Translocations
  9171 | D:11     | Reached skill level 5 in Transmutations
  9171 | D:11     | Reached skill level 5 in Fire Magic
  9171 | D:11     | Reached skill level 5 in Ice Magic
  9171 | D:11     | Reached skill level 5 in Air Magic
  9171 | D:11     | Reached skill level 5 in Earth Magic
  9171 | D:11     | Reached skill level 5 in Poison Magic
  9273 | D:11     | Found a staircase to the Lair.
  9490 | D:11     | Noticed Sonja
  9493 | D:11     | Sonja changed into Sonja the black bear
  9493 | D:11     | Noticed Sonja
  9504 | D:11     | Killed Sonja the black bear
  9564 | D:11     | Noticed a boulder beetle
  9679 | D:11     | Found a staircase to the Orcish Mines.
  9714 | D:11     | Killed a boulder beetle
  9822 | D:11     | Noticed Psyche
  9822 | D:11     | Noticed a green ugly thing
  9999 | D:11     | Noticed a boulder beetle
 10013 | D:11     | Killed a boulder beetle
 10431 | D:11     | Killed a green ugly thing
 10588 | Gauntlet | Identified the "Buguruj"
 10588 | D:12     | Found a gate leading to a gauntlet.
 10588 | D:12     | Found Acviem's Weapon Shop.
 10596 | Gauntlet | Entered a Gauntlet
 10596 | Gauntlet | Found a transporter.
 10596 | Gauntlet | Found a transporter.
 10602 | Gauntlet | Found a transporter.
 10602 | Gauntlet | Noticed an oklob plant
 10617 | Gauntlet | Found a transporter.
 10631 | Gauntlet | Found a large runed translucent door.
 10632 | Gauntlet | Found a large runed translucent door.
 10633 | Gauntlet | Found a large runed translucent door.
 10633 | Gauntlet | Found a large runed translucent door.
 10633 | Gauntlet | Found a large runed translucent door.
 10633 | Gauntlet | Found a large runed translucent door.
 10633 | Gauntlet | Found a large runed translucent door.
 10633 | Gauntlet | Found a large runed translucent door.
 10634 | Gauntlet | Found a runed translucent door.
 10634 | Gauntlet | Found a runed translucent gate.
 10635 | Gauntlet | Found a transporter.
 10635 | Gauntlet | Found a runed translucent gate.
 10635 | Gauntlet | Found a transporter.
 10635 | Gauntlet | Found a transporter.
 10638 | Gauntlet | Found a transporter.
 10638 | Gauntlet | Found a transporter.
 10640 | Gauntlet | Noticed a dire elephant
 10650 | Gauntlet | Found a transporter.
 10667 | Gauntlet | Found a runed translucent door.
 10668 | Gauntlet | Found a transporter.
 10670 | Gauntlet | Found a runed translucent door.
 10670 | Gauntlet | Noticed a wretched star
 10678 | Gauntlet | Found a transporter.
 10693 | Gauntlet | Found a transporter.
 10705 | Gauntlet | Found a large runed translucent door.
 10706 | Gauntlet | Found a large runed translucent door.
 10707 | Gauntlet | Found a large runed translucent door.
 10707 | Gauntlet | Found a large runed translucent door.
 10707 | Gauntlet | Found a large runed translucent door.
 10707 | Gauntlet | Found a large runed translucent door.
 10708 | Gauntlet | Found a large runed translucent door.
 10708 | Gauntlet | Found a large runed translucent door.
 10708 | Gauntlet | Found a runed translucent gate.
 10708 | Gauntlet | Found a runed translucent door.
 10713 | Gauntlet | Found a transporter.
 10724 | Gauntlet | Noticed a catoblepas
 10771 | Gauntlet | Killed from afar by a gargoyle

Illustrated notes

Levels and vault maps discovered:
D:1:      wander_arrival_fairy_ring, layout_rooms, serial_shops,
          nicolae_shop_hallway_plus, serial_forest,
          infiniplex_forest_lined_ring, infiniplex_forest_end_1,
          infiniplex_forest_join, infiniplex_forest_straight_3,
          infiniplex_forest_end_2, infiniplex_forest_corner_2,
          infiniplex_forest_end_2, infiniplex_forest_clump_diagonal,
          nicolae_concentric_dashed_squares_mild
D:2:      layout_basic, basic_altar, uniq_jessica
D:3:      layout_basic
D:4:      layout_gridville, serial_shops, nicolae_shop_back_alley_shop,
          minmay_unequal
D:5:      layout_loops_ring, palyth_stone_intersect, grunt_ministairs_8,
          uniq_menkaure
D:6:      layout_layer_cave, grunt_qazlal_sundering,
          mainiacjoe_overflow_alcove_4, minmay_temple_entry_wispy, serial_shops,
          shop, minivault_23, grunt_potential
D:7:      layout_loops_ring
D:8:      layout_loops_ring, minmay_misc_feat_nine_boxes,
          nicolae_elevator_lobby_asterisk
D:9:      layout_loops_cross, kennysheep_slug_shrine, serial_shops,
          nicolae_lakefront_shop, small_statue_alley_b, lightli_corner_chamber
D:10:     layout_gridville, grunt_decor_clamped
D:11:     layout_stronghold, hellmonk_lair_entry_icy, orc_0_dummy, uniq_psyche,
          uniq_sonja
D:12:     layout_loops_ring, serial_shops, shop, gauntlet_entry_generic,
          portal_ice_cave_entry_pillars_1, serial_bayou_lagoon_b
Temple:   hellmonk_temple_of_storms
Gauntlet: gammafunk_gauntlet_mixed_choke_point
          [minmay_gauntlet_arena_77_double_cross,
          minmay_gauntlet_arena_77_tiled_triplets,
          minmay_gauntlet_arena_77_mirror,
          minmay_gauntlet_arena_make_your_own_arena,
          minmay_gauntlet_arena_77_mess, minmay_gauntlet_arena_77_shame_cube,
          minmay_gauntlet_arena_77_museum,
          nicolae_gauntlet_exit_dead_adventurers]

Skill      XL: |  1  2  3  4  5  6  7  8  9 10 11 |
---------------+----------------------------------+-----
Invocations    | 1 2 3 4 5 6 7 |  7.0
Short Blades   | 1 2 4 5 6 |  6.4
Long Blades    | 1 2 4 5 6 |  6.4
Axes           | 1 2 4 5 6 |  6.4
Maces & Flails | 1 2 4 5 6 |  6.4
Polearms       | 1 2 4 5 6 |  6.4
Staves         | 1 2 4 5 6 |  6.4
Ranged Weapons | 1 2 4 5 6 |  6.4
Throwing       | 1 2 4 5 6 |  6.4
Shields        | 1 2 4 5 6 |  6.4
Unarmed Combat | 1 2 4 5 6 |  6.4
Spellcasting   | 1 2 4 5 6 |  6.4
Shapeshifting  | 1 2 3 4 5 |  5.8
Fighting       | 3 4 5 6 7 |  7.0
Dodging        | 3 4 5 6 7 |  7.0
Conjurations   | 1 2 3 4 5 |  5.3
Hexes          | 1 2 3 4 5 |  5.3
Summonings     | 1 2 3 4 5 |  5.3
Necromancy     | 1 2 3 4 5 |  5.3
Translocations | 1 2 3 4 5 |  5.3
Transmutations | 1 2 3 4 5 |  5.3
Fire Magic     | 1 2 3 4 5 |  5.3
Ice Magic      | 1 2 3 4 5 |  5.3
Air Magic      | 1 2 3 4 5 |  5.3
Earth Magic    | 1 2 3 4 5 |  5.3
Poison Magic   | 1 2 3 4 5 |  5.3
Stealth        | 3 4 5 6 |  6.9
Armour         | 5 6 7 8 |  8.0
Evocations     | 7 8 9 |  9.3

Action                     |  1- 3 |  4- 6 |  7- 9 | 10-12 || total
---------------------------+-------+-------+-------+-------++-------
  Melee: Club              |    20 |       |       |       ||    20
         Dagger            |   118 |   114 |    37 |       ||   269
         Bite              |     9 |    10 |    17 |    50 ||    86
         Broad axe         |       |       |    43 |       ||    43
         Cutlass           |       |       |    25 |   392 ||   417
         Punch             |       |       |     1 |     2 ||     3
   Fire: Sling             |       |    24 |   291 |       ||   315
  Throw: Javelin           |       |     2 |     2 |     3 ||     7
         Dart              |       |       |       |     5 ||     5
         Throwing net      |       |       |       |     2 ||     2
   Cast: Hailstorm         |       |       |       |    12 ||    12
 Invoke: Call Merchant     |       |       |       |     1 ||     1
  Evoke: Wand              |     1 |     3 |    20 |    11 ||    35
    Use: Scroll            |       |       |    11 |     9 ||    20
         Potion            |       |       |     1 |     3 ||     4
   Stab: Distracted        |     1 |       |       |       ||     1
         Sleeping          |     2 |     2 |     1 |     1 ||     6
         Paralysed         |       |       |     7 |     2 ||     9
         Held in net/web   |       |       |       |     1 ||     1
 Armour: Leather armour    |    71 |       |       |       ||    71
         Ring mail         |    22 |    52 |   208 |   200 ||   482
         Skin              |       |       |       |     5 ||     5
  Dodge: Dodged            |    94 |    64 |   256 |   142 ||   556
  Block: Kite shield       |       |       |       |   132 ||   132

Table legend: (Time is in decaauts)
 A = Elapsed time spent in this place.
 B = Non-inter-level travel time spent in this place.
 C = Inter-level travel time spent in this place.
 D = Time resting spent in this place.
 E = Time spent auto-exploring this place.
 F = Levels seen in this place.
 G = Mean time per level.
                   A        B        C        D        E       F      G
               +--------+--------+--------+--------+--------+-----+--------+
         Total |  10793 |  10266 |    527 |   1037 |   6616 |  14 |  770.9 |
       Dungeon |  10599 |  10083 |    516 |   1037 |   6489 |  12 |  883.2 |
        Temple |     23 |     12 |     11 |      0 |      0 |   1 |   23.0 |
      Gauntlet |    170 |    170 |      0 |      0 |    127 |   1 |  170.0 |
               +--------+--------+--------+--------+--------+-----+--------+

Top non-repeatable levels by time:
     D:6: 1537 daAuts
    D:11: 1445 daAuts
     D:7: 1226 daAuts
    D:10: 1060 daAuts
     D:2: 926 daAuts
     D:9: 873 daAuts
     D:8: 830 daAuts
     D:4: 805 daAuts
     D:1: 795 daAuts
     D:5: 757 daAuts
     D:3: 334 daAuts
Gauntlet: 170 daAuts
  Temple: 23 daAuts
    D:12: 7 daAuts
